 Dungeon Crawl Stone Soup version 0.28-b1-25-g9875b3fc8c (webtiles) character file.

Game seed: 7885375147617219435

6941 unlimited1921 the Thaumaturge (level 11, -6/76 HPs)
             Began as a Djinni Hedge Wizard on Feb 1, 2022.
             Was an Initiate of Gozag.
             Shot with an arrow by a centaur (7 damage)
             ... on level 10 of the Dungeon.
             The game lasted 02:25:43 (23925 turns).

unlimited1921 the Thaumaturge (DjWz)               Turns: 23925, Time: 02:25:43

Health: -6/76      AC:  7    Str: 15    XL:     11   Next: 28%
Gold:   1836       EV: 12    Int: 26    God:    Gozag SH:  5 Dex: 13

rFire   + + +      SeeInvis .   A - +1 hand crossbow (vorpal)
rCold   x . .      Faith    .   (no shield)
rNeg    . . .      Spirit   .   U - +2 robe {rF+}
rPois   ∞          Reflect  +   c - +2 hat
rElec   .          Harm     .   H - +0 cloak
rCorr   .          Rampage  .   (no gloves)
Will    +....                   (boots unavailable)
Stlth   ++........              K - amulet of reflection
HPRegen 0.22/turn               m - +6 ring of strength
MPRegen 0.00/turn               e - +6 ring of intelligence

@: flying
A: sickness immunity, fire resistance 2, cold vulnerability 1, float, innate
caster, HP casting, extra vitality 1
a: Renounce Religion, Potion Petition, Call Merchant, Bribe Branch


You were on level 10 of the Dungeon.
You worshipped Gozag.
Gozag was most pleased with you.
You visited 2 branches of the dungeon, and saw 11 of its levels.
You also visited: Bailey.

You collected 1936 gold pieces.
You paid 100 gold pieces to Gozag.

Inventory:

Hand Weapons
 i - a +5 spear
 j - a +2 hand axe of flaming
 p - a +0 rapier
 x - a +2 dagger of electrocution
 A - a +1 vorpal hand crossbow (weapon)
 D - a +0 long sword
 E - a +1 whip of electrocution
 P - a +0 scimitar of holy wrath
 Q - a +0 falchion of venom
 T - a +1 scimitar of freezing
 V - a +2 flail of protection
Missiles
 g - 2 curare-tipped darts
 q - 7 throwing nets (quivered)
 B - 46 bolts (quivered ammo)
 F - 6 boomerangs
 G - 22 poisoned darts
Armour
 c - a +2 hat (worn)
 H - a +0 cloak (worn)
 M - a +1 helmet
 U - a +2 robe of fire resistance (worn)
Magical Staves
 k - a staff of fire
Jewellery
 a - a ring of protection from fire
 e - a +6 ring of intelligence (right hand)
 f - a +6 ring of intelligence
 m - a +6 ring of strength (left hand)
 K - an amulet of reflection (around neck)
 O - an amulet of the acrobat
Wands
 r - a wand of acid (2)
 y - a wand of paralysis (4)
 I - a wand of digging (3)
 J - a wand of iceblast (1)
Scrolls
 l - 2 scrolls of summoning
 n - 2 scrolls of vulnerability
 o - 2 scrolls of teleportation
 v - a scroll of fear {unknown}
 w - a scroll of magic mapping {unknown}
 L - 2 scrolls of immolation
 N - a scroll of torment
 S - 3 scrolls of enchant armour
Potions
 b - a potion of lignification
 d - a potion of mutation
 h - a potion of curing
 s - 3 potions of haste
 t - 2 potions of degeneration {unknown}
 u - 2 potions of cancellation {unknown}
 z - a potion of berserk rage
 C - a potion of might {unknown}
 R - a potion of ambrosia


   Skills:
 * Level 5.8 Fighting
 + Level 0.5 Slings
 * Level 4.0 Crossbows
 + Level 3.8 Armour
 + Level 2.9 Dodging
 + Level 2.7 Stealth
 + Level 0.3 Shields
 + Level 10.8 Spellcasting
 + Level 1.3 Evocations


You had 5 spell levels left.
You knew the following spells:

 Your Spells              Type           Power      Damage    Failure   Level
a - Magic Dart            Conj           100%       1d8       1%          1
b - Blink                 Tloc           100%       N/A       1%          2
c - Call Imp              Summ           63%        N/A       1%          2
d - Slow                  Hex            100%       N/A       1%          1
e - Conjure Flame         Conj/Fire      63%        6-21      1%          3
f - Mephitic Cloud        Conj/Pois/Air  63%        N/A       1%          3
g - Sting                 Tmut/Pois      100%       1d8       1%          1
h - Poisonous Vapours     Pois/Air       100%       N/A       1%          2
i - Corpse Rot            Necr/Air       100%       N/A       1%          2
j - Hailstorm             Conj/Ice       63%        3d13      1%          4
k - Borgnjor's Vile Clut  Necr/Erth      31%        N/A       1%          5
Your spell library was empty.

Dungeon Overview and Level Annotations

Branches:
Dungeon (10/15)            Temple (1/1) D:5          Bailey (visited)
   Lair: D:8-11         Orc: D:9-12

Altars:
Ashenzari
Cheibriados
Dithmenos
Elyvilon
Fedhas
Gozag
Hepliaklqana
Kikubaaqudgha
Makhleb
Nemelex Xobeh
Okawaru
Qazlal
Ru
Sif Muna
Trog
Uskayaw
Vehumet
Wu Jian
Xom
Yredelemnul
Zin
The Shining One


Innate Abilities, Weirdness & Mutations

You are immune to sickness and miasma.
You are immune to poison.
Your flesh is very heat resistant. (rF++)
You are vulnerable to cold. (rC-)
You float through the air rather than walking.
You learn spells naturally, not from books.
Your magical power is your life essence.
You have superior vitality. (+4 MHP)


Message History

You blink.
There is an open door here.
The shadow strikes at you from the darkness!
Reactivating autopickup.
Casting: Blink (safe; 1% risk of failure)
Confirm with . or Enter, or press ? or * to list all spells.
Aiming: Slow (safe; 1% risk of failure)
Press: ? - help, Shift-Dir - straight line, f - shadow
Aim: a shadow (chance to affect: 47%)
The shadow resists with some effort.
The shadow slips into darkness.
The shadow flickers and vanishes!
Deactivating autopickup; reactivate with Ctrl-A.
There is an open door here.
The shadow strikes at you from the darkness!
* * * LOW HITPOINT WARNING * * *
Reactivating autopickup.
Casting: Slow (safe; 1% risk of failure)
Confirm with . or Enter, or press ? or * to list all spells.
You blink.
* * * LOW HITPOINT WARNING * * *
The shadow hits your white imp.
Your white imp hits the shadow but does no damage.
Really fly into that dispersal trap?
You enter a dispersal trap!
Your white imp blinks!
The shadow blinks!
Your white imp blinks!
The shadow blinks!
You blink.
There is a stone staircase leading down here.
You fly downwards.
Your summoned ally is left behind.
The centaur shoots an arrow.
The arrow hits you.
* * * LOW HITPOINT WARNING * * *
The two-headed ogre hits you with a +0 giant club.
* * * LOW HITPOINT WARNING * * *
The two-headed ogre hits you with a +0 giant spiked club.
* * * LOW HITPOINT WARNING * * *
The centaur shoots an arrow.
The arrow hits you!
You die...
Your body crumbles into a pile of gold.

..... .... $#
.$ . . . #.
.$V# #..## $
.#.#.#. . ..#
.......#....#
.....$Z.#...###
#..c........
#.## #O@# #..#
#..# #..# #[.#
#..# $ #..#
#.#.


You could see a two-headed ogre, a vampire, a centaur and a centaur warrior
zombie.

Vanquished Creatures
  3 two-headed ogres
  A troll (D:9)
  A wyvern (D:9)
  2 steam dragons (D:6)
  Grum (Bailey)
  Duvessa (D:7)
  An orc warrior (D:9)
  A black bear (D:6)
  An ice beast (D:7)
  A necrophage (D:6)
  3 wolves (Bailey)
  3 centaurs
  A phantom (D:4)
  2 kobold brigands (D:9)
  5 bullfrogs
  A wyvern zombie (D:8)
  8 gnoll sergeants (Bailey)
  A scorpion (D:5)
  A wyvern skeleton (D:6)
  Dowan (D:7)
  7 killer bees
  4 wights (D:8)
  3 howler monkeys
  A centaur zombie (D:7)
  3 orc priests
  8 gnoll shamans
  A jelly (D:4)
  A bullfrog skeleton (D:6)
  4 hounds
  4 iguanas
  9 orc wizards
  Terence (D:3)
  A hound skeleton (D:5)
  2 howler monkey zombies
  A howler monkey skeleton (D:7)
  7 adders
  18 gnolls
  A river rat (D:4)
  A white imp (D:6)
  An ufetubus (D:6)
  A worm (D:4)
  A dart slug (D:4)
  37 orcs
  11 ball pythons
  6 endoplasms
  7 giant cockroaches
  14 goblins
  5 hobgoblins
  6 jackals (D:3)
  12 kobolds
  3 quokkas
  7 bats
  A frilled lizard (D:3)
  9 rats
237 creatures vanquished.

Vanquished Creatures (collateral kills)
  A wyvern (D:8)
  A bullfrog (D:6)
  A jelly (D:7)
  An orc wizard (D:8)
  A hound skeleton (D:4)
  2 adders (D:3)
  A gnoll (Bailey)
  A white imp (D:5)
  4 orcs
  A ball python (D:3)
  An endoplasm (D:3)
  A quokka (D:4)
  A goblin (D:3)
  3 kobolds
20 creatures vanquished.

Vanquished Creatures (others)
  A plant (D:7)
1 creature vanquished.

Grand Total: 258 creatures vanquished

Notes
Turn   | Place    | Note
-------+----------+-------------------------------------------
     0 | D:1      | unlimited1921 the Djinni Hedge Wizard began the quest for
                  | the Orb.
     0 | D:1      | Reached XP level 1. HP: 15/15 MP: 0/0
   665 | D:1      | Reached XP level 2. HP: 18/21 MP: 0/0
  1937 | D:1      | Reached skill level 3 in Spellcasting
  1963 | D:1      | Reached XP level 3. HP: 24/26 MP: 0/0
  1963 | D:1      | Learned a level 1 spell: Sting
  3455 | D:2      | Reached skill level 1 in Fighting
  3610 | D:2      | Reached XP level 4. HP: 22/32 MP: 0/0
  5122 | D:3      | Found a faded altar of an unknown god.
  5182 | D:3      | Noticed Terence
  5226 | D:3      | Killed Terence
  5227 | D:3      | Reached XP level 5. HP: 4/37 MP: 0/0
  5227 | D:3      | Learned a level 2 spell: Poisonous Vapours
  6224 | D:3      | Reached skill level 1 in Armour
  6565 | D:3      | Identified the +1 plate armour "Syvuysoa" {rElec}
  7471 | D:4      | Reached skill level 4 in Spellcasting
  7564 | D:4      | Reached XP level 6. HP: 36/43 MP: 0/0
  9221 | D:4      | Reached XP level 7. HP: 17/49 MP: 0/0
  9221 | D:4      | Learned a level 2 spell: Corpse Rot
  9997 | D:4      | Reached skill level 5 in Spellcasting
 10705 | D:5      | Entered Level 5 of the Dungeon
 11634 | D:5      | Found a staircase to the Ecumenical Temple.
 11667 | Temple   | Entered the Ecumenical Temple
 11731 | Temple   | Became a worshipper of Gozag Ym Sagoz the Greedy
 13009 | D:6      | Got Ypeogadd's Reference Book on Execration
 13140 | D:6      | Reached XP level 8. HP: 40/56 MP: 0/0
 13723 | D:6      | Reached skill level 6 in Spellcasting
 14762 | D:6      | Reached skill level 7 in Spellcasting
 14987 | D:6      | Reached XP level 9. HP: 13/62 MP: 0/0
 14987 | D:6      | Learned a level 4 spell: Hailstorm
 15580 | D:7      | Noticed Dowan
 15582 | D:7      | Noticed Duvessa
 15594 | D:7      | Killed Duvessa
 15598 | D:7      | Killed Dowan
 16597 | D:7      | Found a shadowy altar of Dithmenos.
 16789 | D:7      | Reached skill level 8 in Spellcasting
 17303 | D:8      | Found a flagged portal.
 17377 | Bailey   | Entered a bailey
 17485 | Bailey   | Reached skill level 1 in Crossbows
 17585 | Bailey   | Noticed Grum
 17595 | Bailey   | Killed Grum
 18229 | Bailey   | Reached XP level 10. HP: 51/69 MP: 0/0
 18267 | Bailey   | Reached skill level 9 in Spellcasting
 18643 | Bailey   | Reached skill level 1 in Evocations
 20099 | D:8      | Noticed a two-headed ogre
 21106 | D:8      | Killed a two-headed ogre
 21107 | D:8      | Reached skill level 5 in Fighting
 21634 | D:9      | Reached skill level 10 in Spellcasting
 21854 | D:9      | Noticed a two-headed ogre
 21868 | D:9      | Killed a two-headed ogre
 21869 | D:9      | Reached XP level 11. HP: 59/76 MP: 0/0
 21869 | D:9      | Learned a level 5 spell: Borgnjor's Vile Clutch
 22341 | D:9      | Noticed a two-headed ogre
 22362 | D:9      | Killed a two-headed ogre
 23599 | D:10     | Entered Level 10 of the Dungeon
 23601 | D:10     | Noticed a two-headed ogre
 23925 | D:10     | HP: 1/76 [two-headed ogre (6)]
 23925 | D:10     | Shot with an arrow by a centaur

Illustrated notes

Levels and vault maps discovered:
D:1:      minmay_arrival_diagonal_passages, layout_basic, item_on_display_a
D:2:      layout_rooms
D:3:      layout_loops_ring, shapermc_ecumenical_altar_totnotflames,
          minmay_snake_closets, uniq_terence
D:4:      layout_gridville, gup_sewer_entry_bubbles
D:5:      layout_gridville, minmay_temple_entry_drinking_statues
D:6:      cheibrodos_steamvent, layout_gridville, nicolae_water_bricks
D:7:      layout_gridville, nicolae_dithmenos_shadow_blocks,
          serial_bayou_pond_d, uniq_duvessa
D:8:      layout_rooms, enter_bailey_5
D:9:      layout_loops_corners
D:10:     hangedman_screamer, layout_basic, minmay_fractal_squares_diagonal_5
Temple:   nicolae_temple_the_god_donut

Skill      XL: |  1  2  3  4  5  6  7  8  9 10 11 |
---------------+----------------------------------+-----
Spellcasting   | 3 4 5 7 8 10 | 10.8
Fighting       | 1 2 3 4 5 |  5.8
Stealth        | 2 |  2.7
Armour         | 1 2 3 |  3.8
Crossbows      | 1 3 4 |  4.0
Evocations     | 1 |  1.3
Slings         | |  0.5
Dodging        | |  2.9
Shields        | |  0.3

Action                   |  1- 3 |  4- 6 |  7- 9 | 10-12 || total
-------------------------+-------+-------+-------+-------++-------
 Fire: Hunting sling     |       |    16 |     2 |       ||    18
       Hand crossbow     |       |       |       |    13 ||    13
Throw: Boomerang         |       |       |     1 |       ||     1
       Throwing net      |       |       |       |     2 ||     2
 Cast: Magic Dart        |    71 |   135 |    56 |    22 ||   284
       Call Imp          |     1 |    27 |    35 |    31 ||    94
       Conjure Flame     |       |    13 |     2 |     4 ||    19
       Mephitic Cloud    |       |    11 |    16 |     9 ||    36
       Poisonous Vapours |       |    16 |   155 |    89 ||   260
       Sting             |       |     4 |       |     5 ||     9
       Blink             |       |     4 |     6 |     5 ||    15
       Slow              |       |     1 |    16 |     5 ||    22
       Hailstorm         |       |       |    17 |    22 ||    39
       Borgnjor's Vile C |       |       |       |    16 ||    16
Evoke: Wand              |       |       |     4 |     2 ||     6
  Use: Scroll            |       |       |    14 |     5 ||    19
       Potion            |       |       |     8 |     2 ||    10
Armor: Robe              |     1 |       |       |     3 ||     4
       Leather armour    |     1 |     4 |    15 |     2 ||    22
Dodge: Dodged            |     6 |    28 |    47 |    21 ||   102
Block: Other             |       |       |    14 |    11 ||    25
       Reflection        |       |       |     1 |     4 ||     5
